 Dungeon Crawl Stone Soup version 0.30.1-10-g1249ef9ec4 (webtiles) character file.

Game seed: 3816712542138078723

1850 jagang the Protected (level 9, -3/71 HPs)
             Began as a Barachi Monk on Oct 25, 2023.
             Slain by an orc warrior
             ... wielding a +0 trident
              (13 damage)
             ... on level 6 of the Dungeon on Oct 26, 2023.
             The game lasted 00:17:15 (5453 turns).

jagang the Protected (Barachi Monk)                 Turns: 5453, Time: 00:17:16

Health: -3/71      AC: 32    Str: 13    XL:     9   Next: 12%
Magic:  9/9        EV:  1    Int: 11    God:
Gold:   229        SH:  0    Dex: 18    Spells: 8/8 levels left

rFire   . . .        z - +1 long sword (holy)
rCold   . . .        u - orb {mayhem}
rNeg    . . .        l - +11 crystal plate armour of the Orb {Rampage +Blink rElec SInv}
rPois   .            (no helmet)
rElec   +            f - +0 cloak
rCorr   .            h - +0 pair of gloves
SInv    +            (no boots)
Will    .....        (no amulet) Stlth
                     (no ring)
HPRegen 0.31/turn    (no ring)
MPRegen 0.11/turn

%: mayhem, rampage
@: unable to hop, slow
A: amphibious, slowness 1, strong legs 1, +LOS
a: Hop, Evoke Blink


You were on level 6 of the Dungeon.
You visited 1 branch of the dungeon, and saw 6 of its levels.

You collected 229 gold pieces.

Inventory:

Hand Weapons
 z - a +1 long sword of holy wrath (weapon)
Missiles
 p - 12 poisoned darts (quivered)
 x - a throwing net
 y - 2 silver boomerangs
Armour
 d - an orb of light
 f - a +0 cloak (worn)
 h - a +0 pair of gloves (worn)
 l - the +11 crystal plate armour of the Orb (worn) {Rampage +Blink rElec SInv}
   (You acquired it on level 5 of the Dungeon)

   rElec:     It insulates you from electricity.
   SInv:      It lets you see invisible.
   +Blink:    It lets you blink.
   Rampage:   It bestows one free step when moving towards enemies.
 u - an orb of mayhem (worn)
Jewellery
 b - a ring of wizardry
 e - an amulet of magic regeneration
 o - a ring of fire
 A - a ring of fire
Wands
 a - a wand of digging (1)
 E - a wand of flame (25)
Scrolls
 c - a scroll of poison
 g - a scroll of vulnerability {unknown}
 i - 2 scrolls of amnesia
 n - 2 scrolls of fog
 q - 6 scrolls of teleportation
 s - 2 scrolls of enchant armour
 t - a scroll of enchant weapon
 B - a scroll of torment
Potions
 j - a potion of ambrosia
 k - 3 potions of heal wounds
 m - a potion of brilliance {unknown}
 r - 2 potions of curing {unknown}
 v - 2 potions of mutation {unknown}
 w - a potion of flight {unknown}
 C - a potion of invisibility {unknown}
 D - a potion of attraction {unknown}


   Skills:
 + Level 6.7 Fighting
 + Level 6.8 Long Blades
 + Level 3.6 Throwing
 * Level 8.2 Armour
 + Level 6.2 Dodging


You had 8 spell levels left.
You didn't know any spells.
Your spell library contained the following spells:

 Spells                   Type           Power      Damage    Failure   Level
 Beastly Appendage        Tmut           0%         N/A       100%        1
 Magic Dart               Conj           0%         1d3       100%        1
 Slow                     Hex            0%         N/A       100%        1
 Sting                    Tmut/Pois      0%         1d3       100%        1
 Blink                    Tloc           0%         N/A       100%        2
 Call Imp                 Summ           0%         N/A       100%        2
 Lesser Beckoning         Tloc           0%         N/A       100%        2
 Momentum Strike          Conj/Tloc      0%         3d8       100%        2
 Wereblood                Tmut           0%         N/A       100%        2
 Confusing Touch          Hex            0%         N/A       100%        3
 Ignite Poison            Fire/Tmut/Pois 0%         N/A       100%        3
 Mephitic Cloud           Conj/Pois/Air  0%         N/A       100%        3
 Spider Form              Tmut/Pois      0%         N/A       100%        3
 Stone Arrow              Conj/Erth      0%         3d7       100%        3
 Vampiric Draining        Necr           0%         2d6       100%        3
 Animate Armour           Summ/Erth      0%         N/A       100%        4
 Sticky Flame             Conj/Fire      0%         2d3       100%        4
 Ignition                 Fire           0%         3d3       100%        8
 Lehudib's Crystal Spear  Conj/Erth      0%         10d2      100%        8
 Chain Lightning          Conj/Air       0%         N/A       100%        9
 Fire Storm               Conj/Fire      0%         5d1       100%        9
 Shatter                  Erth           0%         3d5*      100%        9


Dungeon Overview and Level Annotations

Branches:
Dungeon (6/15)
 Temple: D:4-7

Altars:
Fedhas
Makhleb
Okawaru
Sif Muna
Trog
Vehumet
Zin


Innate Abilities, Weirdness & Mutations

You are amphibious.
You cover ground slowly.
You can hop short distances.
You have an extended range of vision and can be seen from far away.


Message History

The orc warrior hits you but does no damage.
The orc wizard hits you but does no damage.
You slash the orc wizard!
You kill the orc wizard!
The orc warrior flies into a frenzy!
The orc warrior hits the orc with a +0 trident!
The orc dies!
The orc wizard hits you but does no damage.
The orc warrior hits you from afar with a +0 trident.
You bump into the rock wall.
The orc warrior hits you from afar with a +0 trident!
The orc wizard hits you but does no damage.
You bump into the rock wall.
The orc warrior completely misses you.
The orc wizard hits you but does no damage.
The orc warrior hits you from afar with a +0 trident!
You feel less confused.
The orc warrior hits you but does no damage.
The orc wizard gestures at you while chanting.
The magic dart hits you but does no damage.
Hop to where?
Press: ? - help, Dir - move target Boing!
The orc warrior hits you but does no damage.
The orc wizard hits you but does no damage.
The orc warrior hits you but does no damage.
You barely miss the orc wizard.
The orc warrior hits you from afar with a +0 trident.
* * * LOW HITPOINT WARNING * * *
The orc wizard hits you with a +0 dagger.
* * * LOW HITPOINT WARNING * * *
The orc warrior hits you from afar with a +0 trident!
* * * LOW HITPOINT WARNING * * *
The orc wizard hits you but does no damage.
The orc warrior hits you but does no damage.
The orc wizard hits you but does no damage.
You slash the orc wizard!
You kill the orc wizard!
The orc warrior hits you but does no damage.
The orc warrior hits you from afar with a +0 trident!
You die...

... ###.#####
#.......#
#.......#
#.......#
#.).....####
#..o........
#####))......###
#....@.........#
#...........##.#
#...........#
#...........#
#.....##.####
#.........#
#.........###
#.....).....#
#.........#..#


You could see a neutral orc warrior (fast, strong, insane).

Vanquished Creatures
  Grinder (D:6)
  Sigmund (D:4)
  Menkaure (D:4)
  3 ice beasts
  An ogre (D:5)
  A centaur (D:6)
  A phantom (D:5)
  A gnoll sergeant (D:4)
  2 scorpions
  4 hounds (D:5)
  3 orc priests
  An iguana (D:4)
  A sleepcap (D:4)
  4 orc wizards
  Terence (D:3)
  14 gnolls
  5 adders
  2 white imps
  An ufetubus (D:5)
  6 worms
  2 dart slugs (D:4)
  10 orcs
  3 endoplasms
  9 giant cockroaches
  6 goblins
  2 hobgoblins (D:2)
  10 jackals
  3 quokkas (D:2)
  9 ball pythons
  4 bats
  3 frilled lizards
  8 kobolds
  7 rats
130 creatures vanquished.

Vanquished Creatures (collateral kills)
  An adder (D:6)
  An orc (D:6)
2 creatures vanquished.

Vanquished Creatures (others)
  An orc (D:6)
1 creature vanquished.

Grand Total: 133 creatures vanquished

Notes
Turn   | Place    | Note
-------+----------+-------------------------------------------
     0 | D:1      | jagang the Barachi Monk began the quest for the Orb.
     0 | D:1      | Reached XP level 1. HP: 18/18 MP: 1/1
    97 | D:1      | Upgraded the game from 0.30.1-9-gdf580d7c3d to
                  | 0.30.1-10-g1249ef9ec4
   191 | D:1      | You fall into a shaft and drop 1 floor!
   208 | D:2      | Reached skill level 1 in Armour
   208 | D:2      | Reached XP level 2. HP: 11/25 MP: 2/2
   408 | D:1      | Found a faded altar of an unknown god.
   596 | D:1      | Reached XP level 3. HP: 29/30 MP: 3/3
   954 | D:2      | Reached skill level 2 in Armour
  1043 | D:1      | Reached XP level 4. HP: 18/37 MP: 4/4
  1380 | D:2      | Reached skill level 3 in Armour
  1409 | D:2      | Reached XP level 5. HP: 28/43 MP: 5/5
  2246 | D:3      | HP: 2/43 [orc/+0 flail (6)]
  2253 | D:3      | Reached skill level 4 in Armour
  2253 | D:3      | Reached XP level 6. HP: 9/49 MP: 6/6
  2483 | D:3      | Found a shimmering blue altar of Sif Muna.
  2521 | D:3      | Got Sif Muna's Tractate on Reformation
  2526 | D:3      | Found a bloodstained altar of Trog.
  2526 | D:3      | Noticed Terence
  2551 | D:3      | Killed Terence
  2879 | D:4      | Found a burning altar of Makhleb.
  2880 | D:4      | Found a glowing silver altar of Zin.
  2880 | D:4      | Noticed an angel
  2881 | D:4      | Noticed a balrug
  2927 | D:4      | Reached skill level 5 in Long Blades
  3048 | D:4      | Reached skill level 5 in Fighting
  3109 | D:4      | Found a blossoming altar of Fedhas.
  3112 | D:4      | Noticed Menkaure
  3123 | D:4      | Killed Menkaure
  3124 | D:4      | Reached skill level 1 in Throwing
  3124 | D:4      | Reached skill level 5 in Armour
  3124 | D:4      | Reached XP level 7. HP: 20/56 MP: 7/7
  3560 | D:5      | Entered Level 5 of the Dungeon
  3638 | D:5      | Reached skill level 5 in Dodging
  3987 | D:5      | Reached skill level 6 in Armour
  4200 | D:5      | Reached XP level 8. HP: 13/64 MP: 8/8
  4699 | D:4      | Noticed Sigmund
  4709 | D:4      | Killed Sigmund
  4807 | D:5      | Identified a scroll of acquirement
  4809 | D:5      | Acquired the +11 crystal plate armour of the Orb {Rampage
                  | +Blink rElec SInv}
  4973 | D:5      | Reached skill level 7 in Armour
  5080 | D:5      | Found an iron altar of Okawaru.
  5089 | D:5      | Found a radiant altar of Vehumet.
  5157 | D:6      | Noticed Grinder
  5159 | D:6      | Paralysed by Grinder for 4 turns
  5186 | D:6      | Killed Grinder
  5371 | D:6      | Reached skill level 8 in Armour
  5371 | D:6      | Reached XP level 9. HP: 56/71 MP: 9/9
  5453 | D:6      | Slain by an orc warrior

Illustrated notes

Levels and vault maps discovered:
D:1:      spicycebolla_green_bress_n_ham, layout_loops_ring,
          hellmonk_ecumenical_altar_arch_garden, corexii_leaking_fountain,
          grunt_decor_mini_mirrors
D:2:      layout_rooms, minmay_box_of_dots
D:3:      layout_basic, nzn_overflow_gifts_of_might_and_magic
D:4:      layout_gridville, grunt_temple_overflow_order_and_chaos_2,
          mainiacjoe_overflow_tiny_flanked, uniq_sigmund, uniq_menkaure
D:5:      layout_loops_ring, mainiacjoe_overflow_swirl
D:6:      dreamdust_elfheim, layout_basic, gammafunk_ghost_gnarly_gnolls,
          minmay_misc_feat_rows, uniq_grinder

Skill      XL: |  1  2  3  4  5  6  7  8 |
---------------+-------------------------+-----
Armour         | 1 2 3 4 5 6 8 |  8.2
Long Blades    | 4 5 6 |  6.8
Fighting       | 4 5 6 |  6.7
Dodging        | 4 5 6 |  6.2
Throwing       | 1 2 3 |  3.6

Action                     |  1- 3 |  4- 6 |  7- 9 || total
---------------------------+-------+-------+-------++-------
  Melee: Falchion          |    64 |   113 |       ||   177
         Short sword       |    35 |   111 |       ||   146
         Long sword        |       |    16 |   179 ||   195
  Throw: Dart              |       |    10 |    23 ||    33
Ability: Hop               |       |     1 |     3 ||     4
    Use: Potion            |       |     2 |       ||     2
         Scroll            |       |       |     9 ||     9
 Armour: Robe              |     3 |       |       ||     3
         Plate armour      |    78 |   215 |    81 ||   374
         Crystal plate arm |       |       |   141 ||   141
  Dodge: Dodged            |    40 |    64 |    30 ||   134
